 Dungeon Crawl Stone Soup version 0.23-a0-629-gae4348f (webtiles) character file.

77 galech the Skirmisher (level 4, -2/49 HPs)
             Began as an Ogre Berserker on Dec 26, 2018.
             Was a Believer of Trog.
             Slain by Sigmund
             ... wielding a +0 scythe
              (15 damage)
             ... on level 2 of the Dungeon.
             The game lasted 00:02:35 (1632 turns).

galech the Skirmisher (Ogre Berserker)              Turns: 1632, Time: 00:02:35

Health: -2/49      AC:  3    Str: 27    XL:     4   Next: 34%
Magic:  4/4        EV: 10    Int: 13    God:    Trog [**....]
Gold:   133        SH:  0    Dex:  8    Spells: 3/3 levels left

rFire    + . .     SeeInvis +   a - +0 mace
rCold    + . .     Gourm    .   (no shield)
rNeg     . . .     Faith    .   b - +0 animal skin
rPois    .         Spirit   .   (helmet restricted)
rElec    .         Reflect  .   i - scarf {rC+ rF+}
rCorr    .         Harm     .   (gloves unavailable)
MR       .....                  (boots unavailable)
Stlth    +.........             (no amulet)
HPRegen  0.16/turn              n - ring of see invisible
MPRegen  0.09/turn              (no ring)

@: mighty, brilliant, lethally poisoned (-2 -> -5), berserk cooldown, slowed,
very slow
A: large, unfitting armour, tough skin 1
a: Berserk, Trog's Hand, Renounce Religion


You were on level 2 of the Dungeon.
You worshipped Trog.
Trog was pleased with you.
You were very hungry.

You visited 1 branch of the dungeon, and saw 2 of its levels.

You collected 133 gold pieces.

Inventory:

Hand Weapons
 a - a +0 mace (weapon)
Armour
 b - a +0 animal skin (worn)
 i - a scarf of resistance (worn)
Jewellery
 n - a ring of see invisible (left hand)
Scrolls
 d - a scroll of enchant weapon {unknown}
 g - a scroll of blinking {unknown}
 h - a scroll of magic mapping {unknown}
 k - 2 scrolls of teleportation {unknown}
 m - a scroll of fear {unknown}
 o - a scroll of random uselessness {unknown}
 p - 2 scrolls of remove curse {unknown}
 q - 2 scrolls of immolation {unknown}
 s - a scroll of fog {unknown}
Potions
 j - a potion of curing {unknown}
 l - a potion of flight
Comestibles
 c - 6 rations
 f - 3 chunks of flesh


   Skills:
 + Level 4.9 Fighting
 + Level 3.6 Maces & Flails
 + Level 3.2 Dodging
 + Level 0.1 Stealth


You had 3 spell levels left.
You didn't know any spells.
Your spell library was empty.

Dungeon Overview and Level Annotations

Branches:
Dungeon (2/15)

Altars:
Cheibriados

Annotations:
D:2 Sigmund


Innate Abilities, Weirdness & Mutations

You are too large for most types of armour.
You have tough skin. (AC +1)


Message History

You're still recovering from your berserk rage.
You feel sick.
Sigmund hits you from afar with a +0 scythe!
* * * LOW HITPOINT WARNING * * *
It was a potion of might.
You feel very mighty all of a sudden.
* * * LOW HITPOINT WARNING * * *
You feel sick. Sigmund closely misses you.
It was a potion of ambrosia.
You are confused.
You feel invigorated.
You feel sick.
Sigmund points at you and mumbles some strange words.
You resist with some effort.
Some of the chunks of flesh in your inventory have rotted away.
It was a potion of brilliance.
You feel clever all of a sudden.
You feel less invigorated.
You feel less confused.
Sigmund hits you from afar with a +0 scythe!
You die...

#### ....#
....# ....#
#@...#
###..!#
#.@...#
##..[.##
#.##....##
##### ###
#.......#
#...# ..#
#...##.##
#...# ..#
#..##..#
#...# ..#
#.# #.##
#...# ..#
#. #.#
#...##
.>##.....##
#.# ##...#


You could see Sigmund.

Vanquished Creatures
  4 adders
  An ooze (D:2)
  2 dart slugs
  A leopard gecko (D:2)
  4 giant cockroaches
  4 goblins (D:1)
  5 hobgoblins
  2 bats (D:1)
  5 frilled lizards
  3 kobolds
  4 rats
35 creatures vanquished.

Notes
Turn   | Place    | Note
-------+----------+-------------------------------------------
     0 | D:1      | galech the Ogre Berserker began the quest for the Orb.
     0 | D:1      | Reached XP level 1. HP: 24/24 MP: 1/1
   444 | D:1      | Reached XP level 2. HP: 28/32 MP: 2/2
  1022 | D:2      | Reached XP level 3. HP: 40/40 MP: 3/3
  1092 | D:1      | HP: 2/40 [adder (1)]
  1093 | D:1      | Reached ** piety under Trog
  1269 | D:2      | Found a snail-covered altar of Cheibriados.
  1333 | D:2      | Reached XP level 4. HP: 49/49 MP: 4/4
  1626 | D:2      | Noticed Sigmund
  1629 | D:2      | HP: 2/49 [Sigmund/+0 scythe (11)]
  1632 | D:2      | Slain by Sigmund

Vault maps used:
D:1:      tarquinn_simple_flora_water_a, hex_medium
D:2:      nicolae_overflow_hidden_temple, uniq_sigmund

Skill      XL: |  1  2 |
---------------+-------+-----
Maces & Flails | 3 |  3.6
Dodging        | 3 |  3.2
Fighting       | |  4.9
Stealth        | |  0.1

Action                   |  1- 3 |  4- 6 || total
-------------------------+-------+-------++-------
Melee: Mace              |   101 |    32 ||   133
Invok: Berserk           |     2 |     1 ||     3
  Use: Potion            |     3 |     4 ||     7
  Eat: Chunk             |     2 |     2 ||     4
Armor: Animal skin       |    31 |     7 ||    38
Dodge: Dodged            |    60 |    15 ||    75

Table legend:
 A = Non-vault XP
 B = Vault XP
 C = Vault XP percentage of total XP
 D = Non-vault monster count
 E = Vault monster count
 F = Vault count percentage of total count
                 A         B        C        D         E       F
            +---------+---------+-------+---------+---------+-------
      Total |     111 |       0 |   0.0 |      35 |       0 |   0.0
            +---------+---------+-------+---------+---------+-------
        D:1 |      43 |       0 |   0.0 |      19 |       0 |   0.0
        D:2 |      68 |       0 |   0.0 |      16 |       0 |   0.0
            +---------+---------+-------+---------+---------+-------
